 Dungeon Crawl Stone Soup version 0.28-a0-1236-gb25a51b929 (webtiles) character file.

Game seed: 17446686391150640434

959 croobank the Magician (level 7, -2/54 HPs)
             Began as a Deep Elf Air Elementalist on Dec 25, 2021.
             Was a Follower of Makhleb.
             Slain by a fire elemental (5 damage)
             ... summoned by a deep elf pyromancer
             ... on level 6 of the Dungeon.
             The game lasted 00:37:45 (6318 turns).

croobank the Magician (Deep Elf Air Elementalist)   Turns: 6318, Time: 00:37:47

Health: -2/54      AC: 23    Str:  5    XL:     7   Next: 92%
Magic:  18/18      EV:  2    Int: 22    God:    Makhleb [*.....]
Gold:   199        SH:  0    Dex: 15    Spells: 6/18 levels left

rFire   . . .      SeeInvis .   a - +4 dagger
rCold   . . .      Faith    .   (no shield)
rNeg    . . .      Spirit   .   (armour currently unavailable)
rPois   +          Reflect  .   (helmet currently unavailable)
rElec   .          Harm     .   (cloak currently unavailable)
rCorr   .          Rampage  .   (gloves currently unavailable)
Will    .....      NoTele   +   (boots currently unavailable)
Stlth   +++.......              j - amulet of regeneration
HPRegen 0.98/turn               t - +4 ring of slaying
MPRegen 0.16/turn               (no ring)

@: tree-form
A: stationary, stasis, torment immunity, boosted hp
a: Renounce Religion


You were on level 6 of the Dungeon.
You worshipped Makhleb.
Makhleb was aware of your devotion.
You were a tree.
You visited 1 branch of the dungeon, and saw 6 of its levels.

You collected 199 gold pieces.

Inventory:

Hand Weapons
 a - a +4 dagger (weapon)
 b - a +0 hunting sling
 o - a +0 rapier
 B - a +1 vampiric short sword
Missiles
 d - 78 arrows
 h - 156 stones
 r - 55 poisoned darts
 v - 31 sling bullets
 w - 28 bolts
Armour
 c - a scarf of resistance (melded)
 e - a +0 helmet (melded)
 k - a +0 ring mail
 m - the +3 pair of gauntlets of War (melded) {Slay+5}
   (You found it on level 5 of the Dungeon)

   Slay:      It affects your accuracy & damage with ranged weapons and melee
   (+5).
 u - a +0 robe (melded)
Jewellery
 j - an amulet of regeneration (around neck)
 t - a +4 ring of slaying (left branch)
Wands
 g - a wand of acid (2)
 q - a wand of mindburst (5)
Scrolls
 s - 3 scrolls of amnesia
Potions
 f - 4 potions of curing
 l - a potion of brilliance
 n - a potion of magic {unknown}
 p - a potion of lignification
 x - a potion of might {unknown}


   Skills:
 + Level 5.4 Dodging
 + Level 5.8 Stealth
 + Level 6.0 Spellcasting
 + Level 4.4 Conjurations
 + Level 5.0 Air Magic


You had 6 spell levels left.
You knew the following spells:

 Your Spells              Type           Power      Damage    Failure   Level
a - Shock                 Conj/Air       100%       1d9       1%          1
b - Static Discharge      Conj/Air       27%        N/A       1%          2
c - Swiftness             Air            28%        N/A       3%          3
d - Passwall              Tmut/Erth      5%         N/A       14%         2
e - Airstrike             Air            14%        N/A       12%         4

Your spell library contained the following spells:

 Spells                   Type           Power      Damage    Failure   Level


Dungeon Overview and Level Annotations

Branches:
Dungeon (6/15)
 Temple: D:4-7

Altars:
Ashenzari
Dithmenos
Fedhas
Makhleb
Uskayaw


Message History

The fire elemental hits you. The fire elemental burns you! You resist.
You hit the deep elf pyromancer.
The deep elf pyromancer is heavily wounded.
The deep elf pyromancer gestures at you while chanting.
The sticky flame hits you. You resist.
You are covered in liquid flames!
The fire elemental misses you. x2
You puncture the deep elf pyromancer!
The deep elf pyromancer is severely wounded.
You are covered in liquid flames!
The fire elemental hits you. The fire elemental burns you! You resist.
The fire elemental barely misses you.
The deep elf pyromancer mumbles some strange words.
The deep elf pyromancer blinks!
You are covered in liquid flames!
You are no longer on fire.
The deep elf pyromancer hits you with a +0 dagger.
The fire elemental hits you. The fire elemental burns you! You resist.
* * * LOW HITPOINT WARNING * * *
You completely miss the deep elf pyromancer.
The deep elf pyromancer is severely wounded.
The fire elemental hits you.
* * * LOW HITPOINT WARNING * * *
The fire elemental burns you! You resist.
* * * LOW HITPOINT WARNING * * *
The deep elf pyromancer casts a spell.
The fire elemental hits you. The fire elemental burns you! You resist.
* * * LOW HITPOINT WARNING * * *
Unknown command.
Okay, then.
Okay, then.
Really quaff the potion of lignification?
You turn into a tree.
Your scarf of resistance melds into your body.
Your +0 helmet melds into your body.
The +3 pair of gauntlets of War {Slay+5} melds into your body.
Your +0 robe melds into your body.
You feel hot and cold all over.
Your roots penetrate the ground.
The fire elemental hits you. The fire elemental burns you!
You die...

#.# #.########
#.# #.# ##.##
#...############
#..............#
#..###########.#
#..#....e......#
#..#.°E♣.E.....#
#..#°°E######8.#
#..#..8+ ...#
##.#...+ ....#
#.#P.8+ .....#
#.#+++# ####8.#
#.# ...# #####.#
...#
#)....######


You could see a deep elf pyromancer and 3 fire elementals.

Vanquished Creatures
  Grinder (D:6)
  2 ice beasts
  A sky beast (D:5)
  An ogre (D:5)
  A scorpion (D:5)
  A howler monkey (D:4)
  An orc priest (D:5)
  A bullfrog skeleton (D:5)
  An iguana (D:4)
  3 orc wizards
  5 adders
  A shadow imp (D:5)
  A worm (D:3)
  A dart slug (D:2)
  12 orcs
  9 endoplasms
  3 giant cockroaches
  5 hobgoblins
  7 jackals
  11 kobolds
  4 quokkas
  10 ball pythons
  7 bats
  3 frilled lizards
  4 goblins
  9 rats
105 creatures vanquished.

Vanquished Creatures (others)
  3 orcs (D:6)
3 creatures vanquished.

Grand Total: 108 creatures vanquished

Notes
Turn   | Place    | Note
-------+----------+-------------------------------------------
     0 | D:1      | croobank the Deep Elf Air Elementalist began the quest for
                  | the Orb.
     0 | D:1      | Reached XP level 1. HP: 10/10 MP: 6/6
   457 | D:1      | Reached XP level 2. HP: 15/15 MP: 5/8
   675 | D:1      | Found a faded altar of an unknown god.
  1366 | D:2      | Reached XP level 3. HP: 15/19 MP: 0/9
  1449 | D:2      | Learned a level 2 spell: Static Discharge
  1959 | D:2      | Reached XP level 4. HP: 24/24 MP: 3/11
  2937 | D:3      | Found a burning altar of Makhleb.
  2938 | D:3      | Found a broken altar of Ashenzari.
  2944 | D:3      | Became a worshipper of Makhleb the Destroyer
  2972 | D:3      | Learned a level 3 spell: Swiftness
  3506 | D:3      | Reached skill level 4 in Spellcasting
  3530 | D:3      | Reached XP level 5. HP: 16/28 MP: 2/13
  4105 | D:4      | Learned a level 2 spell: Passwall
  4110 | D:4      | Learned a level 4 spell: Airstrike
  4333 | D:4      | Reached * piety under Makhleb
  4540 | D:4      | Found a hide-covered altar of Uskayaw.
  4540 | D:4      | Found a shadowy altar of Dithmenos.
  4543 | D:4      | Found a blossoming altar of Fedhas.
  4910 | D:5      | Entered Level 5 of the Dungeon
  4943 | D:5      | Reached XP level 6. HP: 31/32 MP: 8/15
  5081 | D:5      | Noticed an ice beast
  5089 | D:5      | Killed an ice beast
  5149 | D:5      | Reached skill level 5 in Spellcasting
  5444 | D:5      | Reached skill level 5 in Stealth
  5444 | D:5      | Reached XP level 7. HP: 9/36 MP: 9/16
  5579 | D:5      | Found the +3 pair of gauntlets of War {Slay+5}
  6001 | D:6      | Noticed Grinder
  6015 | D:6      | Killed Grinder
  6016 | D:6      | Reached skill level 5 in Dodging
  6044 | D:6      | Reached skill level 6 in Spellcasting
  6044 | D:6      | Reached skill level 5 in Air Magic
  6207 | D:6      | Noticed a steam dragon
  6211 | D:6      | Noticed a cyclops
  6308 | D:6      | Noticed a deep elf pyromancer
  6311 | D:6      | Noticed a fire elemental
  6311 | D:6      | Noticed a fire elemental
  6317 | D:6      | HP: 1/36 [fire elemental[a deep elf pyromancer] (4)]
  6318 | D:6      | Noticed a fire elemental
  6318 | D:6      | Slain by a fire elemental

Illustrated notes

Levels and vault maps discovered:
D:1:      sevenhm_arrival_forest_fort_small_5, layout_loops_ring,
          nicolae_ecumenical_lake_church
D:2:      minmay_door_path, layout_basic, minmay_divided_ellipse
D:3:      layout_loops_corners, chequers_temple_overflow_statue_of_worship,
          amcnicky_mini_corridor_feature
D:4:      layout_gridville, gammafunk_temple_overflow_claw
D:5:      layout_loops_cross, nicolae_figureground_sparkle,
          uniq_crazy_yiuf_cottage
D:6:      layout_loops_ring, kennysheep_mini_moat, guppyfry_early_elven_hall,
          uniq_grinder, uniq_pikel

Skill      XL: |  1  2  3  4  5  6  7 |
---------------+----------------------+-----
Stealth        | 3 4 5 |  5.8
Dodging        | 3 4 5 |  5.4
Conjurations   | 2 3 4 |  4.4
Spellcasting   | 4 5 6 |  6.0
Air Magic      | 4 5 |  5.0

Action                   |  1- 3 |  4- 6 |  7- 9 || total
-------------------------+-------+-------+-------++-------
Melee: Unarmed           |     7 |       |       ||     7
       Dagger            |    21 |     6 |    25 ||    52
 Fire: Hunting sling     |       |    30 |     3 ||    33
 Cast: Shock             |    91 |   108 |    14 ||   213
       Static Discharge  |       |     8 |    11 ||    19
       Swiftness         |       |       |     2 ||     2
  Use: Potion            |     2 |       |     1 ||     3
       Scroll            |       |    10 |     2 ||    12
Armor: Robe              |    16 |     4 |    11 ||    31
       Skin              |       |       |     1 ||     1
Dodge: Dodged            |    45 |    11 |    25 ||    81

Table legend: (Time is in decaauts)
 A = Elapsed time spent in this place.
 B = Non-inter-level travel time spent in this place.
 C = Inter-level travel time spent in this place.
 D = Time resting spent in this place.
 E = Time spent auto-exploring this place.
 F = Levels seen in this place.
 G = Mean time per level.
                   A        B        C        D        E       F      G
               +--------+--------+--------+--------+--------+-----+--------+
         Total |   6328 |   6190 |    138 |   1278 |   3600 |   6 | 1054.7 |
       Dungeon |   6328 |   6190 |    138 |   1278 |   3600 |   6 | 1054.7 |
               +--------+--------+--------+--------+--------+-----+--------+

Top non-repeatable levels by time:
     D:2: 1690 daAuts
     D:1: 1253 daAuts
     D:5: 1053 daAuts
     D:3: 1027 daAuts
     D:4: 947 daAuts
     D:6: 355 daAuts
